 Dungeon Crawl Stone Soup version 0.30-a0-748-ge6a52f7cba (webtiles) character file.

Game seed: 3662285593592152569

144 BlueFish the Sneak (level 5, -3/37 HPs)
             Began as a Vampire Enchanter on Feb 9, 2023.
             Slain by a gnoll
             ... wielding a +0 flail
             ... led by a gnoll bouda
              (7 damage)
             ... on level 4 of the Dungeon.
             The game lasted 00:03:52 (1710 turns).

BlueFish the Sneak (Vampire Enchanter)              Turns: 1710, Time: 00:03:52

Health: -3/37      AC:  3    Str:  7    XL:     5   Next: 5%
Magic:  0/8        EV: 13    Int: 19    God:
Gold:   93         SH:  0    Dex: 15    Spells: 4/9 levels left

rFire   . . .      SeeInvis +    a - +1 dagger
rCold   . . .      Faith    .    (no shield)
rNeg    + . .      Spirit   .    b - +0 robe
rPois   .          Reflect  .    m - +0 helmet
rElec   .          Harm     .    (no cloak)
rCorr   .          Rampage  .    (no gloves)
Will    .....                    (no boots)
Stlth   +++                      (no amulet)
HPRegen 0.46/turn                i - ring of positive energy
MPRegen 0.11/turn                (no ring)

@: healing quickly
A: alive, fangs 3, see invisible, vampiric 2
a: Exsanguinate


You were on level 4 of the Dungeon.
You visited 1 branch of the dungeon, and saw 3 of its levels.

You collected 93 gold pieces.

Inventory:

Hand Weapons
 a - a +1 dagger (weapon)
Missiles
 l - 5 poisoned darts (quivered)
Armour
 b - a +0 robe (worn)
 m - a +0 helmet (worn)
Jewellery
 i - a ring of positive energy (left hand)
Scrolls
 d - 2 scrolls of immolation
 k - a scroll of blinking {unknown}
 p - a scroll of identify {unknown}
Potions
 c - 2 potions of invisibility
 e - a potion of magic {unknown}
 f - 2 potions of curing {unknown}
 g - a potion of resistance {unknown}
 h - a potion of lignification {unknown}
 j - 3 potions of brilliance {unknown}
 n - a potion of cancellation {unknown}
 o - a potion of haste {unknown}


   Skills:
 + Level 1.3 Fighting
 + Level 2.1 Short Blades
 + Level 0.7 Throwing
 + Level 1.0 Armour
 + Level 2.9 Dodging
 + Level 5.2 Stealth
 + Level 2.5 Spellcasting
 + Level 5.1 Hexes


You had 4 spell levels left.
You knew the following spells:

 Your Spells              Type           Power      Damage    Failure   Level
a - Ensorcelled Hibernat  Hex/Ice        24%        N/A       9%          2
b - Confusing Touch       Hex            21%        N/A       6%          3

Your spell library contained the following spells:

 Spells                   Type           Power      Damage    Failure   Level
 Tukima's Dance           Hex            21%        N/A       6%          3
 Dazzling Flash           Conj/Hex       24%        N/A       17%         3


Dungeon Overview and Level Annotations

Branches:
Dungeon (2/15)

Altars:
Hepliaklqana

Annotations:
D:4 1 runed translucent door, Crazy Yiuf


Innate Abilities, Weirdness & Mutations

Your natural rate of healing is accelerated.
You have razor-sharp teeth.
You have supernaturally acute eyesight. (SInv)
You are afflicted with vampirism and can become a bat while bloodless.


Message History

The gnoll bouda mumbles some strange prayers to its god.
The gnoll bouda is healed somewhat.
You hit the gnoll bouda.
The gnoll bouda is severely wounded.
The gnoll bouda hits you with a +0 club.
You hit the gnoll bouda.
The gnoll bouda is almost dead.
The gnoll bouda hits you with a +0 club!
You closely miss the gnoll bouda. Your bite misses the gnoll bouda.
The gnoll bouda is almost dead.
The gnoll bouda barely misses you.
You barely miss the gnoll bouda.
The gnoll bouda is almost dead.
The gnoll bouda barely misses you.
You hit the gnoll bouda. Your bite misses the gnoll bouda.
The gnoll bouda is almost dead.
The gnoll bouda hits you with a +0 club.
* * * LOW HITPOINT WARNING * * *
You hit the gnoll bouda but do no damage.
The gnoll bouda is almost dead.
The gnoll is no longer moving quickly.
You barely miss the gnoll bouda.
You bite the gnoll bouda, but do no damage.
The gnoll bouda is almost dead.
The gnoll bouda barks out a call to the hunt!
The gnoll picks up the pace!
You hit the gnoll bouda.
You kill the gnoll bouda!
The gnoll hits you with a +0 flail.
* * * LOW HITPOINT WARNING * * *
You have reached level 5!
You feel agile.
Casting: Ensorcelled Hibernation (safe; 9% risk of failure)
Confirm with . or Enter, or press ? or * to list all spells.
Aiming: Ensorcelled Hibernation (safe; 9% risk of failure)
Press: ? - help, Shift-Dir - straight line, f - gnoll
Aim: a gnoll, wielding a +0 flail (covering ground quickly, chance to affect: 54%)
The gnoll resists with significant effort.
The gnoll hits you with a +0 flail!
You die...

# # .#.#
....#
#######.....#
#.@g.........
#.#####.....#
#.# ....# #.#
.#.# #.# # #
#.# #.# ###.#
#...#


You could see a gnoll (swift).

Vanquished Creatures
  A gnoll bouda (D:4)
  A hound (D:4)
  An orc wizard (D:4)
  2 gnolls (D:4)
  6 orcs (D:4)
  4 ball pythons (D:1)
  4 bats
  3 endoplasms (D:1)
  A giant cockroach (D:1)
  2 goblins (D:1)
  3 hobgoblins
  3 kobolds
  A frilled lizard (D:1)
  A rat (D:1)
  A spectral kobold (D:4)
34 creatures vanquished.

Notes
Turn   | Place    | Note
-------+----------+-------------------------------------------
     0 | D:1      | BlueFish the Vampire Enchanter began the quest for the Orb.
     0 | D:1      | Reached XP level 1. HP: 13/13 MP: 3/3
   283 | D:1      | Reached XP level 2. HP: 19/19 MP: 5/5
   330 | D:1      | Learned a level 2 spell: Ensorcelled Hibernation
  1339 | D:2      | You fall into a shaft and drop 2 floors!
  1363 | D:4      | Found a runed translucent door.
  1364 | D:4      | Noticed Crazy Yiuf
  1381 | D:4      | Found a hazy altar of Hepliaklqana.
  1439 | D:4      | Gained mutation: You are afflicted with vampirism and can
                  | become a bat while bloodless. [Vampire growth]
  1439 | D:4      | Reached XP level 3. HP: 25/25 MP: 6/6
  1442 | D:4      | Reached skill level 1 in Fighting
  1525 | D:4      | Reached skill level 5 in Stealth
  1525 | D:4      | Reached XP level 4. HP: 30/32 MP: 2/7
  1645 | D:4      | Learned a level 3 spell: Confusing Touch
  1696 | D:4      | Reached skill level 5 in Hexes
  1698 | D:4      | Reached skill level 1 in Armour
  1710 | D:4      | Reached XP level 5. HP: 4/37 MP: 2/8
  1710 | D:4      | Slain by a gnoll

Illustrated notes

Levels and vault maps discovered:
D:1:      dpeg_arrival_long_road, layout_basic, hex_large
D:2:      minmay_inner_zag, layout_basic
D:4:      layout_loops_ring, nicolae_hepliaklqana_monster_ancestors,
          minmay_temple_entry_large_hall, serial_shops, nicolae_diamond_shop,
          mrwooster_statue_mirror, dreamdust_gnoll_farm, uniq_crazy_yiuf_cottage

Skill      XL: |  1  2  3  4 |
---------------+-------------+-----
Fighting       | 1 |  1.3
Stealth        | 5 |  5.2
Hexes          | 5 |  5.1
Short Blades   | 2 |  2.1
Armour         | 1 |  1.0
Throwing       | |  0.7
Dodging        | |  2.9
Spellcasting   | |  2.5

Action                     |  1- 3 |  4- 6 || total
---------------------------+-------+-------++-------
  Melee: Dagger            |   102 |    17 ||   119
         Bite              |    10 |     1 ||    11
   Cast: Ensorcelled Hiber |     7 |     5 ||    12
    Use: Scroll            |     1 |       ||     1
   Stab: Sleeping          |    13 |     4 ||    17
         Distracted        |     1 |       ||     1
 Armour: Robe              |    23 |       ||    23
  Dodge: Dodged            |    49 |     6 ||    55

Table legend: (Time is in decaauts)
 A = Elapsed time spent in this place.
 B = Non-inter-level travel time spent in this place.
 C = Inter-level travel time spent in this place.
 D = Time resting spent in this place.
 E = Time spent auto-exploring this place.
 F = Levels seen in this place.
 G = Mean time per level.
                   A        B        C        D        E       F      G
               +--------+--------+--------+--------+--------+-----+--------+
         Total |   1700 |   1596 |    104 |      0 |   1308 |   3 |  566.7 |
       Dungeon |   1700 |   1596 |    104 |      0 |   1308 |   3 |  566.7 |
               +--------+--------+--------+--------+--------+-----+--------+

Top non-repeatable levels by time:
     D:1: 1251 daAuts
     D:4: 365 daAuts
     D:2: 83 daAuts
